Map: Oxide LE

Players

JonSnow

  • Race: Zerg Zerg
  • League: Master

Neeb - Winner!

  • Race: Protoss Protoss

Event: DreamHack SC2 Masters 2021 Summer

VOD

Have the link to the VOD?

Description

Time

  • Played on: May 30, 2021, 4:16 p.m.
  • Length: 13:06

All games in this series

Show
View Real Time Build Order
Export as new Build Order

JonSnow Zerg 

Build Orders: Hatch First 

Get SALT Encoding   

  12  0:01  Drone  
  13  0:12  Overlord  
  13  0:18  Drone  
  14  0:31  Drone x2  
  16  0:46  Drone  
  17  0:55  Drone  
  17  0:56  Hatchery  
  17  0:58  Drone  
  18  1:09  Extractor  
  17  1:14  Spawning Pool  
  16  1:19  Drone  
  16  1:20  Drone  
  18  1:29  Drone  
  19  1:40  Drone  
  20  1:53  Overlord  
  20  2:01  Queen  
  20  2:07  Queen  
  20  2:08  Zergling x4  
  26  2:12  Metabolic Boost  
  26  2:15  Drone  
  27  2:23  Drone x2  
  29  2:42  Hatchery  
  28  2:45  Drone x2  
  30  2:54  Drone x4  
  34  3:01  Queen  
  36  3:06  Overlord  
  36  3:11  Overlord  
  35  3:27  Queen  
  35  3:28  Zergling x4  
  35  3:29  Zergling x2  
  35  3:30  Drone x3  
  43  3:37  Queen  
  45  3:42  Overlord x2  
  45  3:44  Drone  
  45  3:47  Drone  
  47  3:55  Queen  
  47  3:57  Overlord  
  49  4:05  Zergling x8  
  49  4:08  Drone x2  
  53  4:11  Drone  
  53  4:13  Drone  
  55  4:18  Spore Crawler  
  55  4:21  Drone x5  
  55  4:22  Drone  
  60  4:29  Spore Crawler  
  59  4:35  Lair  
  58  4:41  Drone x6  
  62  4:48  Extractor  
  62  4:49  Spore Crawler  
  62  4:52  Extractor  
  59  4:54  Extractor  
  59  4:58  Zergling x10  
  59  4:59  Zergling x4  
  64  5:01  Drone  
  64  5:02  Drone  
  64  5:05  Drone x3, Queen  
  72  5:07  Drone  
  72  5:12  Overlord x2  
  72  5:23  Drone x2  
  72  5:24  Overlord  
  74  5:28  Evolution Chamber  
  71  5:37  Drone x5  
  71  5:38  Drone x5  
  71  5:39  Hydralisk Den  
  71  5:42  Zergling x6  
  79  5:48  Drone x2  
  78  5:53  Extractor, Overseer  
  78  5:55  Drone x3  
  78  5:56  Drone x2  
  82  6:00  Queen  
  82  6:01  Zerg Missile Weapons Level 1  
  84  6:08  Extractor  
  82  6:14  Overlord  
  82  6:15  Hydralisk x4, Muscular Augments  
  82  6:16  Hydralisk  
  89  6:23  Drone x4  
  89  6:25  Overlord  
  93  6:30  Hydralisk  
  93  6:31  Hydralisk  
  97  6:37  Hydralisk  
  97  6:41  Hydralisk  
  94  6:50  Hydralisk x4  
  94  6:51  Hydralisk x2  
  102  7:00  Hydralisk x3  
  102  7:01  Hydralisk x2  
  100  7:03  Queen  
  105  7:15  Hydralisk  
  103  7:18  Overlord  
  103  7:19  Overlord x2  
  105  7:24  Overlord  
  105  7:27  Grooved Spines, Overlord  
  105  7:34  Queen  
  105  7:36  Queen  
  102  7:46  Hydralisk x8  
  102  7:51  Queen  
  114  7:54  Drone x2  
  114  7:55  Drone x2  
  114  7:57  Drone  
  121  7:59  Zerg Missile Weapons Level 2  
  121  8:05  Hydralisk x3  
  127  8:13  Hydralisk, Overseer  
  127  8:14  Hydralisk x2  
  127  8:17  Overlord  
  133  8:20  Queen  
  133  8:24  Hydralisk  
  137  8:29  Overlord x2  
  136  8:44  Hydralisk x4  
  136  8:45  Hydralisk x3  
  138  8:48  Hydralisk  
  138  8:51  Queen  
  140  8:59  Hydralisk x5  
  140  9:02  Overseer  
  146  9:09  Hydralisk x3  
  144  9:10  Zergling x4  
  146  9:17  Hydralisk x3  
  152  9:28  Hydralisk x4  
  152  9:29  Zergling x2  
  157  9:39  Hydralisk x3  
  157  9:45  Hydralisk  
  139  9:46  Queen x2  
  139  9:49  Hydralisk  
  131  9:53  Hydralisk  
  131  9:56  Hydralisk  
  113  10:03  Hydralisk  
  113  10:04  Hydralisk  
  110  10:09  Hydralisk  
  112  10:16  Hydralisk x2  
  112  10:20  Zerg Ground Armor Level 1  
  112  10:21  Hydralisk  
  116  10:24  Hatchery  
  116  10:26  Hydralisk x2  
  121  10:31  Hydralisk x2  
  125  10:35  Hydralisk  
  125  10:37  Hydralisk  
  129  10:43  Hydralisk x2  
  129  10:48  Hydralisk  
  129  10:49  Hydralisk  
  137  10:55  Hydralisk x2  
  141  11:09  Hydralisk x4  
  141  11:10  Zergling x4  
  149  11:16  Overseer  
  149  11:17  Overlord x3  
  133  11:28  Hydralisk  
  133  11:29  Hydralisk x3  
  137  11:41  Hydralisk x4  
  145  11:47  Hydralisk x3  
  151  11:54  Hydralisk x2  
  155  12:02  Hydralisk x3  
  155  12:05  Hydralisk  
  155  12:06  Zergling x2  
  155  12:07  Zergling x2  
  165  12:10  Hydralisk  
  165  12:11  Zergling x4  
  169  12:17  Hydralisk x2  
  173  12:26  Hydralisk  
  175  12:31  Zergling x2  
  175  12:32  Overlord  
  145  12:48  Zergling x2  
Show
View Real Time Build Order
Export as new Build Order

Neeb Protoss - Winner!

Build Orders: 1 Gate Expand, Carrier Rush 

Get SALT Encoding   

  12  0:00  Probe  
  13  0:12  Probe  
  14  0:19  Pylon  
  14  0:24  Probe  
  15  0:37  Probe (Chrono Boost)  
  15  0:39  Gateway  
  16  0:46  Probe (Chrono Boost)  
  16  0:49  Assimilator  
  17  0:51  Probe (Chrono Boost)  
  18  1:03  Probe  
  19  1:15  Probe  
  20  1:27  Nexus  
  20  1:37  Cybernetics Core  
  20  1:40  Probe  
  20  1:46  Assimilator  
  21  1:52  Probe  
  22  1:54  Pylon  
  22  2:04  Probe (Chrono Boost)  
  23  2:10  Adept (Chrono Boost)  
  23  2:13  Probe (Chrono Boost)  
  26  2:18  Probe (Chrono Boost)  
  27  2:23  Stargate  
  27  2:30  Warp Gate  
  27  2:32  Probe (Chrono Boost)  
  27  2:34  Adept  
  30  2:39  Probe (Chrono Boost)  
  32  2:48  Probe (Chrono Boost)  
  32  2:49  Probe (Chrono Boost)  
  33  2:54  Probe x2 (Chrono Boost)  
  35  3:00  Void Ray  
  35  3:02  Gateway  
  35  3:06  Probe  
  35  3:08  Probe  
  41  3:14  Pylon  
  41  3:17  Adept  
  41  3:19  Probe (Chrono Boost)  
  44  3:26  Probe (Chrono Boost)  
  45  3:28  Assimilator  
  45  3:31  Probe (Chrono Boost)  
  45  3:32  Assimilator  
  47  3:35  Probe (Chrono Boost)  
  47  3:36  Probe (Chrono Boost)  
  48  3:43  Pylon  
  48  3:45  Probe (Chrono Boost)  
  53  3:51  Probe (Chrono Boost)  
  53  3:53  Probe (Chrono Boost)  
  51  3:58  Probe (Chrono Boost)  
  51  4:00  Probe  
  51  4:02  Fleet Beacon  
  53  4:09  Stargate  
  52  4:10  Probe  
  52  4:12  Probe  
  51  4:18  Adept x2  
  51  4:21  Pylon  
  55  4:25  Probe  
  57  4:35  Nexus  
  56  4:38  Pylon  
  56  4:43  Adept x2  
  55  4:54  Carrier (Chrono Boost)  
  55  4:57  Carrier (Chrono Boost)  
  67  5:10  Nexus  
  67  5:11  Shield Battery  
  67  5:14  Probe  
  67  5:15  Probe  
  69  5:27  Probe x2  
  71  5:31  Pylon  
  71  5:34  Zealot x2, Protoss Air Weapons Level 1  
  74  5:46  Probe  
  71  5:52  Carrier (Chrono Boost)  
  83  5:58  Shield Battery  
  83  5:59  Carrier (Chrono Boost)  
  83  6:02  Pylon  
  83  6:04  Probe  
  84  6:09  Probe  
  85  6:16  Probe  
  84  6:21  Probe  
  84  6:24  Forge  
  84  6:25  Sentry x2  
  85  6:26  Probe, Twilight Council  
  85  6:29  Assimilator  
  85  6:32  Probe  
  89  6:34  Probe, Assimilator  
  89  6:38  Probe  
  91  6:44  Probe  
  92  6:50  Probe  
  93  6:54  Probe  
  93  7:00  Probe, Protoss Ground Weapons Level 1 (Chrono Boost)  
  95  7:03  Probe  
  95  7:04  Gateway  
  95  7:06  Gateway  
  96  7:09  Pylon  
  96  7:11  Charge  
  96  7:13  Probe x2  
  96  7:14  Robotics Facility  
  98  7:18  Pylon  
  98  7:26  Gateway x2  
  98  7:29  Templar Archives, Stalker, Sentry  
  102  7:37  Probe  
  102  7:38  Probe  
  104  7:50  Probe x2  
  106  7:53  Gateway x2  
  106  8:02  Observer  
  106  8:04  Photon Cannon  
  107  8:06  High Templar  
  107  8:07  High Templar  
  107  8:08  High Templar  
  113  8:19  Photon Cannon, Pylon  
  113  8:20  Pylon  
  113  8:21  High Templar  
  113  8:22  Zealot x2, Pylon x2  
  113  8:23  Pylon  
  113  8:26  Photon Cannon  
  119  8:27  Photon Cannon  
  119  8:28  Immortal  
  123  8:37  Archon x2  
  122  8:41  Sentry x2  
  122  8:42  Stalker  
  128  8:49  Stalker x4  
  128  8:53  Photon Cannon  
  136  8:57  Shield Battery  
  132  9:11  Immortal  
  132  9:13  Stalker x2, Sentry x2  
  143  9:20  Shield Battery  
  143  9:21  Zealot  
  143  9:23  Protoss Ground Weapons Level 2 (Chrono Boost)  
  145  9:27  High Templar x2, Zealot  
  151  9:33  Archon  
  151  9:38  Zealot x4  
  137  9:46  Zealot  
  125  9:53  Zealot  
  125  9:58  Zealot x4  
  125  9:59  Observer (Chrono Boost)  
  128  10:02  Zealot  
  126  10:11  High Templar x2  
  130  10:16  High Templar  
  130  10:17  Warp Prism (Chrono Boost)  
  130  10:18  High Templar  
  130  10:20  High Templar  
  138  10:22  Zealot x2  
  138  10:23  Zealot  
  144  10:33  Nexus  
  144  10:41  Pylon  
  144  10:45  High Templar x2  
  144  10:46  Zealot x2, Sentry  
  154  10:50  Archon  
  154  10:53  Zealot  
  156  11:00  Pylon  
  152  11:07  Psionic Storm  
  146  11:15  Zealot x6  
  130  11:40  High Templar x4, Zealot x4  
  146  11:50  Immortal  
  150  12:04  Zealot x4  
  158  12:09  Assimilator  
  158  12:10  Assimilator  
  158  12:14  Photon Cannon  
  158  12:16  Photon Cannon, Shield Battery  
  158  12:36  Zealot  
  156  12:37  Zealot x5  
  156  12:40  Zealot x2  
  136  12:59  Archon x3  
  136  13:00  Zealot x8  
Tags
 
Add a new tag
Caveats
  • Supply blocks, unpowered buildings, or Contaminate may cause inaccurate times.
  • Supply counts are checked every 10 seconds.